Map: Pilares de oro EE

Players

MrFercho - Winner!

  • Race: Zerg Zerg
  • League: Silver
  • Spawn Location: 7:00

DIEGOVILLCA

  • Race: Terran Terran
  • League: Bronze
  • Spawn Location: 1:00

VOD

Have the link to the VOD?

Description

Time

  • Played on: June 21, 2020, 10:17 p.m.
  • Length: 16:56
Show
View Real Time Build Order
Export as new Build Order

MrFercho Zerg - Winner!

Build Orders: Hatch First, Lurkers 

Get SALT Encoding   

  12  0:10  Overlord  
  12  0:23  Drone x2  
  14  0:28  Drone  
  15  0:42  Drone  
  16  0:54  Hatchery  
  16  0:56  Drone  
  16  1:11  Spawning Pool  
  16  1:13  Drone  
  16  1:17  Drone  
  17  1:21  Drone  
  18  1:28  Drone  
  19  1:33  Extractor  
  19  1:38  Drone  
  19  1:50  Drone  
  20  2:02  Drone  
  20  2:05  Queen x2  
  20  2:07  Overlord  
  25  2:10  Drone  
  26  2:16  Drone  
  27  2:23  Drone  
  27  2:27  Drone  
  29  2:32  Overlord  
  29  2:37  Drone  
  29  2:42  Drone  
  31  2:47  Lair  
  31  2:54  Drone x2  
  33  2:59  Drone  
  34  3:11  Roach Warren  
  33  3:18  Spine Crawler  
  33  3:19  Drone x6  
  38  3:38  Zergling x8  
  42  3:48  Drone  
  42  3:49  Evolution Chamber, Drone  
  43  4:03  Hydralisk Den  
  42  4:18  Roach  
  42  4:19  Overlord x3  
  42  4:21  Overlord x2  
  42  4:23  Zerg Missile Weapons Level 1  
  44  4:28  Extractor  
  44  4:30  Drone x2, Extractor  
  44  4:41  Queen  
  46  4:50  Spine Crawler  
  42  5:11  Roach x3  
  42  5:12  Roach x4  
  56  5:19  Drone x2  
  56  5:20  Drone x3  
  61  5:33  Overlord x2  
  61  5:37  Drone  
  62  5:46  Drone x2  
  64  6:06  Overlord x3  
  64  6:07  Infestation Pit, Overlord x2  
  64  6:09  Drone  
  64  6:10  Drone  
  65  6:26  Hatchery  
  65  6:31  Overlord x2  
  65  6:32  Overlord x2  
  64  6:38  Drone  
  65  6:53  Drone x6  
  71  6:59  Zerg Missile Weapons Level 2  
  71  7:07  Glial Reconstitution  
  71  7:09  Evolution Chamber  
  70  7:23  Extractor  
  70  7:27  Extractor  
  68  7:30  Grooved Spines  
  68  7:37  Hive, Extractor  
  68  7:40  Drone  
  68  7:41  Drone x2  
  70  7:49  Drone x7  
  77  7:53  Overlord  
  77  8:04  Overlord x2  
  77  8:06  Hydralisk  
  79  8:20  Zerg Ground Armor Level 1  
  79  8:41  Muscular Augments  
  79  8:46  Lurker Den  
  78  8:53  Overseer x2  
  78  9:05  Hatchery  
  78  9:07  Hatchery  
  78  9:09  Hatchery  
  75  9:18  Zerg Missile Weapons Level 3  
  75  9:20  Drone  
  75  9:21  Drone x2  
  78  9:26  Drone  
  78  9:27  Drone x8  
  87  9:41  Queen  
  89  10:13  Drone x15  
  94  10:22  Hatchery  
  94  10:24  Spore Crawler x2  
  94  10:25  Hydralisk x3  
  94  10:27  Spore Crawler  
  88  10:39  Drone x8  
  96  10:59  Hydralisk x5  
  96  11:00  Hydralisk x3, Extractor  
  111  11:20  Hydralisk x5  
  111  11:21  Hydralisk x10  
  141  11:29  Adaptive Talons  
  141  11:30  Spire  
  140  11:40  Spore Crawler  
  140  11:42  Spore Crawler  
  140  11:43  Drone x10  
  140  11:44  Drone x2  
  140  11:45  Spore Crawler  
  149  11:54  Extractor  
  148  11:55  Lurker x5  
  153  12:19  Hydralisk x18  
  189  12:27  Seismic Spines  
  181  13:30  Drone x3  
  181  13:33  Drone  
  180  13:38  Drone x2  
  180  13:39  Drone x2  
  184  13:42  Greater Spire  
  172  14:09  Hydralisk x10  
  149  14:10  Hydralisk x11  
  133  14:49  Hydralisk x18  
  133  14:50  Hydralisk x3  
  175  15:15  Drone x6  
  175  15:16  Hatchery, Drone x2  
  175  15:17  Drone  
  175  15:18  Drone x2  
  175  15:19  Drone  
  186  15:22  Hatchery  
  186  15:23  Corruptor x4  
  193  15:29  Overlord x4  
  193  15:58  Extractor  
  180  16:05  Extractor  
  173  16:30  Hydralisk  
  173  16:31  Hydralisk x23  
Show
View Real Time Build Order
Export as new Build Order

DIEGOVILLCA Terran 

Build Orders:  

Get SALT Encoding   

  12  0:02  SCV  
  14  0:14  SCV  
  14  0:24  Supply Depot  
  14  0:34  SCV  
  15  0:46  SCV, Supply Depot  
  16  0:58  SCV  
  17  1:05  Barracks  
  17  1:10  Barracks  
  17  1:20  Supply Depot  
  17  1:25  SCV  
  18  1:37  SCV  
  19  1:42  Supply Depot  
  19  1:49  SCV  
  20  1:54  Refinery  
  20  1:58  Marine  
  20  1:59  Refinery  
  20  2:00  Marine  
  22  2:01  SCV  
  23  2:12  Supply Depot  
  23  2:15  Marine  
  23  2:18  Marine  
  25  2:37  Barracks Tech Lab x2  
  25  2:39  Supply Depot  
  25  2:57  Reaper x2  
  27  3:02  Engineering Bay  
  27  3:29  Reaper x2  
  29  3:39  Sensor Tower  
  29  3:44  Orbital Command  
  29  4:00  Bunker  
  29  4:01  Marine x2  
  31  4:19  Marine x2  
  33  4:32  Combat Shield, Stimpack, Factory  
  33  4:36  Marine  
  33  4:37  Marine  
  34  4:54  Marine x2  
  34  5:12  Marine x2  
  36  5:21  Factory Tech Lab  
  36  5:46  Starport  
  36  5:55  Marine  
  36  5:56  Marine  
  38  6:13  Marine x2  
  40  6:31  Marine x2  
  42  6:43  Command Center  
  42  6:44  Starport Tech Lab  
  42  6:49  Marine x2  
  44  7:04  Siege Tank  
  44  7:07  Marine x2  
  49  7:11  Liberator  
  52  7:17  Hi-Sec Auto Tracking  
  52  7:25  Marine x2  
  52  7:26  SCV  
  55  7:36  Siege Tank  
  58  7:38  SCV  
  58  7:42  Marine  
  58  7:43  Marine  
  61  7:50  SCV  
  62  7:54  Liberator  
  62  7:56  Refinery  
  65  8:00  Marine x2  
  65  8:02  SCV, Missile Turret  
  68  8:14  SCV  
  69  8:22  Refinery  
  69  8:23  Missile Turret  
  69  8:39  Cyclone  
  72  8:43  Missile Turret  
  72  9:00  SCV  
  73  9:11  Cyclone  
  73  9:12  SCV  
  77  9:21  Missile Turret  
  77  9:32  Marauder x2  
  77  9:37  Concussive Shells  
  81  9:42  Starport  
  81  9:43  Widow Mine, Terran Infantry Armor Level 1  
  83  9:48  SCV  
  84  9:53  Marine x2  
  86  10:00  SCV  
  86  10:04  Widow Mine  
  89  10:11  Marine x2  
  91  10:26  Widow Mine  
  93  10:28  Marine  
  94  10:41  Starport Tech Lab  
  94  10:58  Command Center  
  94  11:11  Armory  
  94  11:21  Fusion Core  
  94  12:04  Missile Turret  
  94  12:09  Marine x2  
  94  12:13  Supply Depot  
  96  12:23  Battlecruiser  
  96  12:24  Battlecruiser, Missile Turret  
  108  12:36  Supply Depot  
  101  13:58  Battlecruiser x2  
  58  14:44  Sensor Tower  
  61  14:52  Siege Tank  
  61  15:04  Bunker  
  61  15:07  Orbital Command  
  61  15:19  Supply Depot  
  61  15:24  Marine x2  
  61  15:25  Siege Tank  
  66  15:42  Supply Depot, Marine x2  
  62  15:57  Siege Tank  
  64  16:00  Marine x2  
  66  16:18  Marine x2  
  67  16:36  Marine x2  
Tags
 
Composition
Lurkers
Matchup
TvZ
Replay Pack
MrFercho
Spawn Locations
Cross Positions
Add a new tag
Caveats
  • Supply blocks, unpowered buildings, or Contaminate may cause inaccurate times.
  • Supply counts are checked every 10 seconds.